 Dungeon Crawl Stone Soup version 0.30-b1-2-g02819fbbbe (webtiles) character file.

Game seed: 15061205731148621231

324 suse60 the Trooper (level 6, -4/40 HPs)
             Began as a Gargoyle Gladiator on Sept 23, 2023.
             Killed from afar by a goblin (15 damage)
             ... with a bolt of acid
             ... on level 4 of the Dungeon.
             The game lasted 00:09:51 (2709 turns).

suse60 the Trooper (Gargoyle Gladiator)             Turns: 2709, Time: 00:09:51

Health: -4/40      AC:  0    Str: 19    XL:     6   Next: 48%
Magic:  6/6        EV: 16    Int:  9    God:
Gold:   237        SH:  0    Dex: 11    Spells: 5/5 levels left

rFire   . . .        a - +0 war axe
rCold   . . .        (no shield)
rNeg    + . .        o - +0 ring mail
rPois   ∞            c - +0 helmet
rElec   +            l - +0 cloak
rCorr   .            b - +0 pair of gloves
SInv    .            (no boots)
Will    .....        (no amulet)
Stlth   +            g - +5 ring of evasion
HPRegen 0.26/turn    (no ring)
MPRegen 0.10/turn

%: no passive effects
@: corroded
A: sickness immunity, AC +4, negative energy resistance 1, electricity
resistance, torment resistance 1, petrification resistance
a: no special abilities


You were on level 4 of the Dungeon.
You visited 1 branch of the dungeon, and saw 4 of its levels.

You collected 237 gold pieces.

Inventory:

Hand Weapons
 a - a +0 war axe (weapon)
Missiles
 d - 2 throwing nets (quivered)
 e - a javelin
Armour
 b - a +0 pair of gloves (worn)
 c - a +0 helmet (worn)
 l - a +0 cloak (worn)
 o - a +0 ring mail (worn)
Jewellery
 g - a +5 ring of evasion (left hand)
Scrolls
 i - a scroll of summoning {unknown}
 k - 4 scrolls of blinking
 m - a scroll of noise {unknown}
 n - 2 scrolls of teleportation
 q - a scroll of fear {unknown}
Potions
 f - 2 potions of magic
 h - 4 potions of heal wounds
 j - a potion of flight
 p - a potion of invisibility {unknown}
 r - 2 potions of curing {unknown}
 s - a potion of brilliance {unknown}


   Skills:
 + Level 5.3 Fighting
 + Level 4.9 Axes
 - Level 1.7 Throwing
 - Level 2.4 Dodging


You had 5 spell levels left.
You didn't know any spells.
Your spell library contained the following spells:

 Spells                   Type           Power      Damage    Failure   Level
 Blink                    Tloc           0%         N/A       71%         2
 Ensorcelled Hibernation  Hex/Ice        0%         N/A       71%         2
 Passwall                 Tmut/Erth      0%         N/A       71%         2
 Swiftness                Air            0%         N/A       91%         3
 Manifold Assault         Tloc           0%         N/A       100%        4
 Olgreb's Toxic Radiance  Pois           0%         N/A       100%        4
 Storm Form               Tmut/Air       0%         N/A       100%        7
 Discord                  Hex            0%         N/A       100%        8
 Ignition                 Fire           0%         3d3       100%        8


Dungeon Overview and Level Annotations

Branches:
Dungeon (4/15)
 Temple: D:4-7

Altars:
Fedhas
Hepliaklqana


Innate Abilities, Weirdness & Mutations

You are immune to sickness and miasma.
Your stone body is resilient. (AC +4)
You are immune to poison.
You resist negative energy. (rN+)
You are resistant to electric shocks. (rElec)
You are resistant to unholy torment.
You are immune to petrification.


Message History

You miss the goblin. The goblin hits you but does no damage.
You hit the goblin.
The goblin is moderately wounded.
The goblin hits you with a +0 club. The goblin barely misses you.
You closely miss the goblin.
The goblin is moderately wounded.
The goblin hits you with a +0 club.
You slash the goblin!
You kill the goblin!
You see here a +0 club.
As you open the door, it creaks loudly!
There is an open door here.
There is an open door here.
An endoplasm comes into view.
You slash the endoplasm!
You kill the endoplasm!
s - a fizzy golden potion You now have 237 gold pieces (gained 8).
A goblin comes into view. It is wielding a +0 dagger.
The goblin shouts!
You slash the goblin!
You kill the goblin!
Found 4 boomerangs.
A goblin comes into view.
It is wielding a +0 rapier and carrying a wand of acid (9).
The goblin zaps a wand.
The bolt of acid hits you. The acid corrodes you!
The goblin hits you but does no damage.
You barely miss the goblin.
The goblin zaps a wand.
The bolt of acid hits you! The acid corrodes you!
You hit the goblin but do no damage. The goblin closely misses you.
You hit the goblin.
The goblin is heavily wounded.
The goblin zaps a wand.
The bolt of acid hits you! The acid corrodes you!
You barely miss the goblin.
The goblin is heavily wounded.
The goblin hits you with a +0 rapier.
* * * LOW HITPOINT WARNING * * *
You hit the goblin but do no damage.
The goblin is heavily wounded.
The goblin misses you.
The goblin zaps a wand.
The bolt of acid hits you!
You die...

# #..# ###########..#
######.........#..#
...............'..#
######.........#.#####
#........###.........#
#........# #.........#
#........# #.(..@g...#
#........# #.........#
+........# #####+#####
#........#
#........###
#..........#
#..........#
#######....#
.######....#


You could see a goblin.

Vanquished Creatures
  Menkaure (D:4)
  A scorpion (D:4)
  A hound (D:4)
  A jelly (D:4)
  2 adders
  A worm (D:2)
  A dart slug (D:2)
  2 orcs (D:4)
  5 ball pythons
  9 endoplasms
  A giant cockroach (D:1)
  5 goblins
  3 hobgoblins (D:1)
  8 jackals
  10 kobolds
  4 bats
  3 frilled lizards
  6 rats
64 creatures vanquished.

Notes
Turn   | Place    | Note
-------+----------+-------------------------------------------
     0 | D:1      | suse60 the Gargoyle Gladiator began the quest for the Orb.
     0 | D:1      | Reached XP level 1. HP: 12/12 MP: 1/1
    39 | D:1      | Reached XP level 2. HP: 18/18 MP: 2/2
   148 | D:1      | Reached skill level 3 in Fighting
   224 | D:1      | Reached XP level 3. HP: 20/23 MP: 3/3
  1081 | D:2      | Reached XP level 4. HP: 26/28 MP: 4/4
  1299 | D:2      | Found a faded altar of an unknown god.
  1299 | D:2      | Noticed a hell beast
  1601 | D:3      | Found a blossoming altar of Fedhas.
  2130 | D:4      | Reached skill level 4 in Fighting
  2181 | D:4      | Noticed a scorpion
  2187 | D:4      | Killed a scorpion
  2188 | D:4      | Reached XP level 5. HP: 34/34 MP: 5/5
  2239 | D:4      | Noticed Menkaure
  2254 | D:4      | Killed Menkaure
  2255 | D:4      | Reached skill level 5 in Fighting
  2255 | D:4      | Reached XP level 6. HP: 26/40 MP: 6/6
  2317 | D:4      | Found a hazy altar of Hepliaklqana.
  2709 | D:4      | Killed from afar by a goblin

Illustrated notes

Levels and vault maps discovered:
D:1:      dpeg_arrival_shelter, layout_loops_ring, st_stairs_5
D:2:      layout_rooms, dreamdust_ecumenical_altar_sealed_demon
D:3:      layout_loops_ring, mainiacjoe_overflow_small_starburst, minivault_4
D:4:      layout_basic, nicolae_yredelemnul_ghost_church,
          mainiacjoe_overflow_surrounded_room,
          hangedman_abyss_or_decor_jellyfish_corner, uniq_menkaure

Skill      XL: |  1  2  3  4  5 |
---------------+----------------+-----
Axes           | 3 4 |  4.9
Fighting       | 3 4 5 |  5.3
Throwing       | |  1.7
Dodging        | |  2.4

Action                     |  1- 3 |  4- 6 || total
---------------------------+-------+-------++-------
  Melee: War axe           |    90 |    77 ||   167
         Punch             |       |     1 ||     1
  Throw: Throwing net      |       |     1 ||     1
    Use: Scroll            |     3 |     3 ||     6
   Stab: Sleeping          |     1 |       ||     1
 Armour: Leather armour    |    36 |       ||    36
         Ring mail         |       |    21 ||    21
  Dodge: Dodged            |    54 |    54 ||   108
